 Dungeon Crawl Stone Soup version 0.23.2-40-g277498a (webtiles) character file.

Game seed: 5061681655411099208

6129 CrazyJ the Destroyer (level 10, -1/83 HPs)
             Began as a Purple Draconian Conjurer on Sept 10, 2019.
             Was a Follower of Vehumet.
             Slain by a spiny frog (4 damage)
             ... on level 2 of the Lair of Beasts.
             The game lasted 01:56:08 (13516 turns).

CrazyJ the Destroyer (Purple Draconian Conjurer)   Turns: 13516, Time: 01:56:09

Health: -1/83      AC: 12    Str: 11    XL:     10   Next: 59%
Magic:  14/22      EV: 14    Int: 19    God:    Vehumet [*.....]
Gold:   148        SH:  0    Dex: 11    Spells: 11/26 levels left

rFire    . . .     SeeInvis .   D - +0 falchion (slice)
rCold    . . .     Gourm    .   (no shield)
rNeg     . . .     Faith    .   (armour unavailable)
rPois    +         Spirit   .   o - +2 hat
rElec    .         Reflect  .   H - +0 cloak
rCorr    .         Harm     .   u - +1 pair of gloves
MR       +....                  (no boots)
Stlth    ++........             (no amulet)
HPRegen  0.23/turn              C - ring of poison resistance
MPRegen  0.18/turn              (no ring)

@: very slightly contaminated
A: breathe power, unfitting armour, cold-blooded, AC +7
a: Breathe Dispelling Energy, Renounce Religion


You were on level 2 of the Lair of Beasts.
You worshipped Vehumet.
Vehumet was aware of your devotion.
You were not hungry.

You visited 3 branches of the dungeon, and saw 12 of its levels.

You collected 508 gold pieces.
You spent 360 gold pieces at shops.

Inventory:

Hand Weapons
 e - a +1 short sword of draining
 k - a +1 hunting sling of velocity
 r - a +0 blowgun
 D - a +0 falchion of slicing (weapon)
Missiles
 c - 215 stones (quivered)
 d - 27 sling bullets
 j - 42 poisoned needles
Armour
 o - a +2 hat (worn)
 u - a +1 pair of gloves (worn)
 z - a +0 buckler
 H - a +0 cloak (worn)
Jewellery
 p - an uncursed amulet of harm {unknown}
 C - a ring of poison resistance (left hand)
 I - the ring "Jablegh" {-Tele rF+ Str+4 SInv}
   (You found it on level 8 of the Dungeon)

   [ring of protection from fire]

   It affects your strength (+4).
   It protects you from fire.
   It lets you see invisible.
   It prevents most forms of teleportation.
Wands
 q - a wand of clouds (2)
 s - a wand of iceblast (6)
 x - a wand of disintegration (16)
 G - a wand of polymorph (15)
Scrolls
 i - a scroll of magic mapping
 l - 6 scrolls of identify
 m - a scroll of immolation
 v - 6 scrolls of remove curse
 y - 3 scrolls of fog
Potions
 a - 4 potions of curing
 f - 2 potions of cancellation
 h - a potion of brilliance
 n - 2 potions of agility
 t - a potion of might
 A - a potion of flight {unknown}
 E - a potion of mutation {unknown}
Comestibles
 b - 10 rations


   Skills:
 + Level 6.1 Fighting
 - Level 3.5(4.4) Short Blades
 + Level 4.0(4.7) Long Blades
 + Level 5.6 Dodging
 - Level 1.9 Stealth
 * Level 8.9 Spellcasting
 * Level 9.4 Conjurations
 + Level 5.2 Hexes


You had 11 spell levels left.
You knew the following spells:

 Your Spells              Type           Power        Failure   Level  Hunger
a - Magic Dart            Conj           ####         1%          1    None
b - Searing Ray           Conj           #####.       1%          2    None
c - Dazzling Spray        Conj/Hex       #####.       1%          3    None
d - Iskenderun's Mystic   Conj           #####...     1%          4    ###....
e - Sting                 Conj/Pois      ####         1%          1    None
f - Fulminant Prism       Conj/Hex       #####.....   4%          4    ###....

Your spell library contained the following spells:

 Spells                   Type           Power        Failure   Level  Hunger
 Tukima's Dance           Hex            ####....     3%          3    None
 Apportation              Tloc           #.....       9%          1    None
 Summon Butterflies       Summ           #.......     9%          1    None
 Force Lance              Conj/Tloc      ####....     12%         4    ###....
 Corpse Rot               Necr           N/A          13%         2    None
 Sublimation of Blood     Necr           #.........   13%         2    None
 Lesser Beckoning         Tloc           #.........   26%         3    None
 Bolt of Draining         Conj/Necr      ####......   32%         5    #####..
 Invisibility             Hex            ####....     83%         6    ######.
 Agony                    Necr           #.......     93%         5    #####..
 Alistair's Intoxication  Tmut/Pois      #.......     93%         5    #####..
 Dispel Undead            Necr           #.......     93%         5    #####..
 Excruciating Wounds      Chrm/Necr      #.........   93%         5    #####..


Dungeon Overview and Level Annotations

Branches:
Dungeon (9/15)             Temple (1/1) D:6            Lair (2/6) D:8
  Swamp: Lair:2-4    Shoals: Lair:2-4     Snake: Lair:2-4    Spider: Lair:2-4
    Orc: D:9-12

Altars:
Cheibriados
Dithmenos
Fedhas
Gozag
Hepliaklqana
Kikubaaqudgha
Makhleb
Nemelex Xobeh
Qazlal
Trog
Uskayaw
Vehumet
Wu Jian
Xom
Yredelemnul
Zin
The Shining One

Shops:
D:4 }}*   D:5 [

Annotations:
D:4 3 runed translucent doors, worthlessgem's ghost, amateur DEAM
D:7 2 transporters, MollyMolluskus's ghost, novice OpFi


Innate Abilities, Weirdness & Mutations

You can breathe bolts of dispelling energy.
Your rich purple scales are hard. (AC +7)
You cannot fit into any form of body armour.
You are cold-blooded and may be slowed by cold attacks.


Message History

Confirm with . or Enter, or press ? or * to list all spells.
Aiming: Iskenderun's Mystic Blast (safe; 1% risk of failure)
Press: ? - help, Shift-Dir - straight line, f/p - blink frog
Aim: a blink frog (severely wounded)
The orb of energy hits the blink frog!
The blink frog is almost dead.
The orb of energy explodes!
The mystic blast hits the spiny frog!
The spiny frog is heavily wounded.
The spiny frog barely misses you.
The blink frog blinks!
The spiny frog stings you.
* * * LOW HITPOINT WARNING * * *
Casting: Iskenderun's Mystic Blast (safe; 1% risk of failure)
Confirm with . or Enter, or press ? or * to list all spells.
Aiming: Iskenderun's Mystic Blast (safe; 1% risk of failure)
Press: ? - help, Shift-Dir - straight line, f - spiny frog, p - blink frog
Aim: a spiny frog (heavily wounded)
You miscast Iskenderun's Mystic Blast.
You are very lightly contaminated with residual magic.
Nothing appears to happen.
The spiny frog stings you.
You die...

......######..PPP##
..........#.......###
..........###.......##
.....................#
.....................##
..>...............)...#
.........#...........#.#
.......#####.......(.##
.....### #####@.....#
....## #§F##P## ..###
####..#### .##
#.#..#.### ##
#....†...###
#....?F....#
#...F.......#
#.............
#P............


You could see a spiny frog and 2 blink frogs.

Vanquished Creatures
  Pikel (D:6)
  A black mamba (Lair:2)
  A spiny frog (Lair:1)
  A komodo dragon (Lair:1)
  3 hippogriffs
  A basilisk (Lair:2)
  A water moccasin (Lair:1)
  2 porcupines (D:8)
  Purgy (D:4)
  A sky beast (D:7)
  2 phantoms
  2 orc warriors
  An ice beast (D:7)
  2 black bears (D:8)
  A necrophage (D:7)
  3 slaves (D:6)
  4 ogres
  A centaur (D:5)
  Blork the orc (D:6)
  10 bullfrogs
  A wyvern zombie (D:7)
  3 scorpions
  8 killer bees
  3 howler monkeys (D:9)
  5 crimson imps
  2 bullfrog zombies (D:6)
  3 jellies
  2 orc priests
  A bullfrog skeleton (D:6)
  A centaur skeleton (D:6)
  3 hounds
  8 orc wizards
  4 iguanas
  3 worker ants
  A hound skeleton (D:7)
  A worker ant zombie (D:6)
  8 adders
  4 oozes
  An adder skeleton (D:8)
  2 adder zombies
  4 worms
  6 dart slugs
  7 leopard geckos
  22 orcs
  5 ball pythons
  8 bats
  2 giant cockroaches (D:1)
  9 goblins
  8 hobgoblins
  4 jackals (D:9)
  3 quokkas
  6 frilled lizards (D:2)
  8 kobolds
  A leopard gecko skeleton (D:7)
  11 rats
208 creatures vanquished.

Vanquished Creatures (others)
  A slave (D:6)
  A hound (D:6)
  A quokka skeleton (D:6)
  2 fulminant prisms
  A fungus (Lair:2)
6 creatures vanquished.

Grand Total: 214 creatures vanquished

Notes
Turn   | Place    | Note
-------+----------+-------------------------------------------
     0 | D:1      | CrazyJ the Draconian Conjurer began the quest for the Orb.
     0 | D:1      | Reached XP level 1. HP: 14/14 MP: 3/3
    67 | D:1      | Reached XP level 2. HP: 6/20 MP: 5/5
   402 | D:1      | Learned a level 2 spell: Searing Ray
   643 | D:1      | Reached XP level 3. HP: 11/27 MP: 4/6
   648 | D:1      | Learned a level 3 spell: Dazzling Spray
  1279 | D:2      | Reached skill level 1 in Fighting
  1279 | D:2      | Reached skill level 1 in Short Blades
  1279 | D:2      | Reached XP level 4. HP: 26/35 MP: 7/7
  1601 | D:2      | Found a glowing silver altar of Zin.
  1869 | D:2      | Found a shimmering altar of Xom.
  2344 | D:2      | Reached skill level 5 in Conjurations
  2550 | D:3      | Reached XP level 5. HP: 30/40 MP: 1/8
  3000 | D:3      | Found a shadowy altar of Dithmenos.
  4028 | D:4      | Found a runed translucent gate.
  4029 | D:4      | Found a runed translucent gate.
  4030 | D:4      | Found a runed translucent gate.
  4033 | D:4      | Noticed worthlessgem's ghost (amateur DEAM)
  4173 | D:4      | Found Vonwuol's Gadget Shop.
  4196 | D:4      | Found a basalt altar of Yredelemnul.
  4513 | D:4      | Reached XP level 6. HP: 48/48 MP: 5/10
  4639 | D:4      | Found Hiuwkeix's Gadget Emporium.
  5069 | D:4      | Noticed Purgy
  5080 | D:4      | Killed Purgy
  5080 | D:4      | Reached skill level 6 in Conjurations
  5080 | D:4      | Your scales start taking on a rich purple colour.
  5080 | D:4      | Reached XP level 7. HP: 28/56 MP: 1/13
  5187 | D:4      | Learned a level 4 spell: Iskenderun's Mystic Blast
  5193 | D:4      | Found Vuanoiq's Assorted Antiques.
  5349 | D:5      | Entered Level 5 of the Dungeon
  5611 | D:6      | Noticed Pikel
  5781 | D:6      | Killed Pikel
  5781 | D:6      | Reached skill level 5 in Spellcasting
  5781 | D:6      | Reached skill level 1 in Hexes
  5781 | D:6      | Reached XP level 8. HP: 28/66 MP: 4/15
  6097 | D:7      | Found a sparkling altar of Nemelex Xobeh.
  6097 | D:7      | Found an ancient bone altar of Kikubaaqudgha.
  6097 | D:7      | Found a bloodstained altar of Trog.
  6229 | D:6      | Reached skill level 7 in Conjurations
  6592 | D:5      | Found Uqeuc's Armour Boutique.
  7239 | D:6      | Reached skill level 1 in Long Blades
  7449 | D:6      | Noticed Blork the orc
  7459 | D:6      | Killed Blork the orc
  7677 | D:6      | Found a staircase to the Ecumenical Temple.
  7687 | Temple   | Entered the Ecumenical Temple
  7722 | Temple   | Became a worshipper of Vehumet
  7927 | D:6      | Reached XP level 9. HP: 71/72 MP: 13/18
  9005 | D:7      | Found a burning altar of Makhleb.
  9022 | D:7      | Reached skill level 8 in Conjurations
  9299 | D:7      | Found a snail-covered altar of Cheibriados.
  9737 | D:7      | Found a transporter.
  9739 | D:7      | Found a transporter.
  9740 | D:7      | Noticed MollyMolluskus's ghost (novice OpFi)
  9911 | D:8      | Reached skill level 5 in Fighting
  9936 | D:8      | Reached * piety under Vehumet
  9936 | D:8      | Offered knowledge of Sting by Vehumet.
  9939 | D:8      | Learned a level 1 spell: Sting
 10026 | D:8      | Found a staircase to the Lair.
 10071 | Lair:1   | Entered Level 1 of the Lair of Beasts
 10212 | D:8      | Got a fine bronze ring
 10213 | D:8      | Identified the ring "Jablegh" {-Tele rF+ Str+4 SInv} (You
                  | found it on level 8 of the Dungeon)
 10287 | D:8      | Reached skill level 5 in Dodging
 10818 | D:9      | Reached XP level 10. HP: 81/81 MP: 17/22
 11116 | D:9      | Noticed a two-headed ogre
 11133 | D:9      | Noticed a two-headed ogre
 11570 | D:4      | Bought an oblong metal-bound book for 360 gold pieces
 11946 | Lair:1   | Learned a level 4 spell: Fulminant Prism
 11956 | Lair:1   | Reached skill level 9 in Conjurations
 11983 | Lair:1   | Noticed a spiny frog
 12008 | Lair:1   | Killed a spiny frog
 12534 | Lair:1   | Reached skill level 5 in Hexes
 12769 | Lair:2   | Noticed a five-headed hydra
 12781 | Lair:1   | HP: 3/83 [five-headed hydra (7)]
 12828 | Lair:2   | Noticed a black mamba
 13162 | Lair:2   | Killed a black mamba
 13498 | Lair:2   | Noticed a spiny frog
 13515 | Lair:2   | HP: 3/83 [spiny frog (3)]
 13516 | Lair:2   | Slain by a spiny frog

Skill      XL: |  1  2  3  4  5  6  7  8  9 10 |
---------------+-------------------------------+-----
Dodging        | 2 3 4 5 |  5.6
Fighting       | 1 2 3 4 5 6 |  6.1
Short Blades   | 1 2 3 |  3.5
Conjurations   | 5 6 7 8 9 |  9.4
Spellcasting   | 3 4 5 6 8 |  8.9
Hexes          | 1 3 4 5 |  5.2
Long Blades    | 1 3 4 |  4.0
Stealth        | |  1.9

Action                   |  1- 3 |  4- 6 |  7- 9 | 10-12 || total
-------------------------+-------+-------+-------+-------++-------
Melee: Unarmed           |    25 |       |       |       ||    25
       Tailslap          |     7 |    10 |    27 |     9 ||    53
       Club              |    15 |       |       |       ||    15
       Short sword       |    74 |   138 |    90 |       ||   302
       Falchion          |       |       |   102 |    54 ||   156
 Cast: Magic Dart        |    28 |    31 |    22 |     6 ||    87
       Searing Ray       |       |    15 |    55 |    21 ||    91
       Dazzling Spray    |       |     1 |    24 |    18 ||    43
       Sting             |       |       |     4 |     9 ||    13
       Iskenderun's Myst |       |       |     4 |     5 ||     9
       Fulminant Prism   |       |       |       |     2 ||     2
 Abil: Breathe Dispellin |       |       |     2 |       ||     2
  Use: Potion            |       |     3 |     4 |     3 ||    10
       Scroll            |       |     1 |    18 |     3 ||    22
 Stab: Sleeping          |     3 |     2 |       |     1 ||     6
       Invisible         |       |     1 |     3 |     1 ||     5
  Eat: Chunk             |     2 |    13 |     2 |     4 ||    21
       Ration            |       |       |     5 |     2 ||     7
Armor: Skin              |    47 |    36 |   130 |    43 ||   256
Dodge: Dodged            |    96 |   129 |   297 |   126 ||   648
       Rpst.: Falchion   |       |       |    59 |    36 ||    95
